 Dungeon Crawl Stone Soup version 0.28-a0-245-g639a1a48b9 (webtiles) character file.

Game seed: 14912368378173179581

47 theanonym the Vexing (level 3, -22/26 HPs)
             Began as a Mummy Enchanter on Aug 24, 2021.
             Killed by an exploding orc priest (27 damage)
             ... ignited by their inner flame
             ... on level 2 of the Dungeon.
             The game lasted 00:02:10 (2595 turns).

theanonym the Vexing (Mummy Enchanter)              Turns: 2595, Time: 00:02:11

Health: -22/26     AC:  6    Str: 12    XL:     3   Next: 48%
Magic:  7/7        EV: 10    Int: 14    God:
Gold:   200        SH:  0    Dex: 12    Spells: 7/7 levels left

rFire   x . .      SeeInvis .   a - +1 dagger
rCold   + . .      Faith    .   (no shield)
rNeg    + + +      Spirit   .   e - +0 ring mail
rPois   ∞          Reflect  .   b - +1 hat
rElec   .          Harm     .   (no cloak)
rCorr   .          Rampage  .   (no gloves)
Will    .....                   (no boots)
Stlth   +.........              (no amulet)
HPRegen 0.08/turn               (no ring)
MPRegen 0.10/turn               (no ring)

@: no status effects
A: cold resistance 1, negative energy resistance 3, torment resistance 2, heat
vulnerability 1, no potions
a: no special abilities


Innate Abilities, Weirdness & Mutations

You are immune to poison.
Your flesh is cold resistant. (rC+)
You are immune to negative energy. (rN+++)
You are immune to unholy pain and torment.
You are vulnerable to heat. (rF-)
You do not drink.


   Skills:
 + Level 1.6 Fighting
 * Level 2.3 Short Blades
 - Level 1.5 Dodging
 - Level 2.4 Stealth
 - Level 2.6 Spellcasting
 - Level 2.6 Hexes


You had 7 spell levels left.
You didn't know any spells.
Your spell library contained the following spells:

 Spells                   Type           Power      Damage    Failure   Level
 Ensorcelled Hibernation  Hex/Ice        10%        N/A       41%         2
 Confusing Touch          Hex            9%         N/A       45%         3
 Tukima's Dance           Hex            9%         N/A       45%         3
 Dazzling Flash           Conj/Hex       10%        N/A       65%         3

Skill      XL: |  1  2 |
---------------+-------+-----
Short Blades   | 1 2 |  2.3
Fighting       | 1 |  1.6
Dodging        | |  1.5
Stealth        | |  2.4
Spellcasting   | |  2.6
Hexes          | |  2.6

Action                   || total
-------------------------++-------
Melee: Dagger            ||   168
Throw: Dart              ||    15
       Throwing net      ||     1
  Use: Scroll            ||     1
 Stab: Sleeping          ||     2
       Distracted        ||     1
Armor: Robe              ||    14
       Ring mail         ||    36
Dodge: Dodged            ||    70

Inventory:

Hand Weapons
 a - a +1 dagger (weapon)
Armour
 b - a +1 hat (worn)
 e - a +0 ring mail (worn)
Scrolls
 g - a scroll of teleportation {unknown}


You were on level 2 of the Dungeon.
You visited 1 branch of the dungeon, and saw 2 of its levels.

You collected 200 gold pieces.

Dungeon Overview and Level Annotations

Branches:
Dungeon (2/15)

Altars:

...............###........
........###...............
######### #....###........
#..........[....
#.##(###........ #.##.#
######... ## #....# #### ...
############# ....
#r§○@.......## .....
#o#########..#
.....o##........###.#
(....l.o..#...#..##.#
....(B#l..........#.########
...(. #..........⌠#........^
(... #(..........#.))......
... ##..#...#..##.#!......
.. #........###.#.......


You could see an orc (inner flame) and a quokka (inner flame).

Notes
Turn   | Place    | Note
-------+----------+-------------------------------------------
     0 | D:1      | theanonym the Mummy Enchanter began the quest for the Orb.
     0 | D:1      | Reached XP level 1. HP: 13/13 MP: 4/4
   120 | D:1      | Reached skill level 1 in Short Blades
   326 | D:1      | HP: 6/14 [quokka (4)]
   531 | D:1      | Reached XP level 2. HP: 20/20 MP: 5/5
   568 | D:1      | HP: 8/20 [hobgoblin (5)]
   572 | D:1      | Reached skill level 1 in Fighting
   589 | D:1      | HP: 4/21 [kobold (3)]
   879 | D:1      | HP: 9/21 [endoplasm (2)]
   886 | D:1      | HP: 5/21 [endoplasm (1)]
   893 | D:1      | HP: 5/21 [frozen (1)]
  1366 | D:1      | Reached skill level 2 in Short Blades
  1572 | D:1      | Reached XP level 3. HP: 22/26 MP: 7/7
  2210 | D:2      | HP: 13/26 [orc (1)]
  2221 | D:2      | HP: 4/26 [orc (6)]
  2592 | D:2      | HP: 4/26 [orc priest/divine providence (12)]
  2595 | D:2      | Killed by an exploding orc priest... ignited by their inner
                  | flame

Vanquished Creatures
  An orc priest (D:2)
  A worm (D:2)
  3 dart slugs (D:1)
  3 orcs (D:2)
  3 endoplasms (D:1)
  2 giant cockroaches (D:1)
  5 goblins
  5 hobgoblins
  A quokka (D:1)
  A ball python (D:2)
  3 bats
  4 frilled lizards
  2 kobolds (D:1)
  2 rats (D:1)
36 creatures vanquished.

Table legend: (Time is in decaauts)
 A = Elapsed time spent in this place.
 B = Non-inter-level travel time spent in this place.
 C = Inter-level travel time spent in this place.
 D = Time resting spent in this place.
 E = Time spent auto-exploring this place.
 F = Levels seen in this place.
 G = Mean time per level.
                   A        B        C        D        E       F      G
               +--------+--------+--------+--------+--------+-----+--------+
         Total |   2579 |   2546 |     33 |   1213 |    952 |   2 | 1289.5 |
       Dungeon |   2579 |   2546 |     33 |   1213 |    952 |   2 | 1289.5 |
               +--------+--------+--------+--------+--------+-----+--------+

Top non-repeatable levels by time:
     D:1: 1738 daAuts
     D:2: 840 daAuts
